 Dungeon Crawl Stone Soup version 0.29.1-12-g30fa7ad0bf (webtiles) character file.

Game seed: 301288990560187074

5 DildoBatman the Conjurer (level 1, -8/14 HPs)
             Began as a Formicid Conjurer on Jan 7, 2023.
             Mangled by a kobold
             ... wielding a +2 short sword of electrocution
              (15 damage)
             ... on level 1 of the Dungeon.
             The game lasted 00:00:50 (398 turns).

DildoBatman the Conjurer (Formicid Conjurer)         Turns: 398, Time: 00:00:51

Health: -8/14      AC:  2    Str: 11    XL:     1   Next: 88%
Magic:  0/3        EV: 12    Int: 17    God:
Gold:   36         SH:  0    Dex: 12    Spells: 3/4 levels left

rFire   . . .      SeeInvis +   e - +0 dagger
rCold   . . .      Faith    .   (no shield)
rNeg    . . .      Spirit   .   a - +0 robe
rPois   .          Reflect  .   (helmet unavailable)
rElec   .          Harm     .   (no cloak)
rCorr   .          Rampage  .   (no gloves)
Will    .....                   (no boots)
Stlth   ++........              (no amulet)
HPRegen 0.04/turn               (no ring)
MPRegen 0.08/turn               (no ring)

@: no status effects
A: permanent stasis, dig shafts and tunnels, antennae 3, four strong arms
a: Dig, Shaft Self


You were on level 1 of the Dungeon.
You visited 1 branch of the dungeon, and saw 1 of its levels.

You collected 36 gold pieces.

Inventory:

Hand Weapons
 e - a +0 dagger (weapon)
Armour
 a - a +0 robe (worn)
Scrolls
 c - a scroll of teleportation {unknown}
 h - a scroll of vulnerability {unknown}
Potions
 b - a potion of magic
 d - a potion of flight {unknown}
 f - a potion of mutation {unknown}
 g - a potion of curing {unknown}


   Skills:
 * Level 0.3 Fighting
 * Level 0.3 Armour
 * Level 1.9 Dodging
 - Level 2.4 Stealth
 * Level 2.3 Spellcasting
 * Level 3.6 Conjurations


You had 3 spell levels left.
You knew the following spells:

 Your Spells              Type           Power      Damage    Failure   Level
c - Magic Dart            Conj           56%        1d5       4%          1

Your spell library contained the following spells:

 Spells                   Type           Power      Damage    Failure   Level
 Searing Ray              Conj           28%        2d5       6%          2
 Dazzling Flash           Conj/Hex       16%        N/A       26%         3
 Fulminant Prism          Conj/Hex       4%         3d6       65%         4
 Iskenderun's Mystic Bla  Conj/Tloc      8%         2d4       65%         4


Dungeon Overview and Level Annotations

Branches:
Dungeon (1/15)

Altars:


Innate Abilities, Weirdness & Mutations

You cannot be hasted, slowed, berserked, paralysed or teleported.
You can dig through walls and to a lower floor.
You have a pair of large antennae on your head. (SInv)
Your four strong arms can wield two-handed weapons with a shield.


Message History

Anything else - Cancel.
You shout for attention!
A kobold comes into view.
It is wielding a +2 short sword of electrocution.
Casting: Magic Dart (safe; 4% risk of failure)
Confirm with . or Enter, or press ? or * to list all spells.
Aiming: Magic Dart (safe; 4% risk of failure)
Press: ? - help, Shift-Dir - straight line, f - kobold
Aim: a kobold, wielding a +2 short sword of electrocution (100% to hit)
The magic dart hits the kobold but does no damage.
Casting: Magic Dart (safe; 4% risk of failure)
Confirm with . or Enter, or press ? or * to list all spells.
Aiming: Magic Dart (safe; 4% risk of failure)
Press: ? - help, Shift-Dir - straight line, f/p - kobold
Aim: a kobold, wielding a +2 short sword of electrocution (100% to hit)
The magic dart hits the kobold but does no damage.
A hobgoblin comes into view.
Casting: Magic Dart (safe; 4% risk of failure)
Confirm with . or Enter, or press ? or * to list all spells.
Aiming: Magic Dart (safe; 4% risk of failure)
Press: ? - help, Shift-Dir - straight line, f/p - kobold
Aim: a kobold, wielding a +2 short sword of electrocution (100% to hit)
The magic dart hits the kobold but does no damage.
The hobgoblin shouts!
The hobgoblin closely misses you.
You hit the hobgoblin.
The hobgoblin is almost dead.
The hobgoblin barely misses you.
You hit the hobgoblin but do no damage.
The hobgoblin is almost dead.
The hobgoblin hits you.
You hit the hobgoblin.
You kill the hobgoblin!
The kobold attacks as you move away! The kobold barely misses you.
You hit the kobold.
The kobold is moderately wounded.
The kobold hits you with a +2 short sword of electrocution.
You are electrocuted!
Ouch! That really hurt!
You die...

#.####.#.............#
#.#.....#.############
#.#.###.#.#
#.#.#...#.########
#K#.#.#)#.........
#.#.#.#.#.........
#[#...###.........
#.#####...........
#...K@'...........
#######...........
#...........
#...........
#..........
#..........
#..........
#.......... .........[


You could see a kobold.

Vanquished Creatures
  An endoplasm (D:1)
  A giant cockroach (D:1)
  A hobgoblin (D:1)
  A kobold (D:1)
4 creatures vanquished.

Notes
Turn   | Place    | Note
-------+----------+-------------------------------------------
     0 | D:1      | DildoBatman the Formicid Conjurer began the quest for the
                  | Orb.
     0 | D:1      | Reached XP level 1. HP: 13/13 MP: 3/3
   398 | D:1      | Mangled by a kobold

Illustrated notes

Levels and vault maps discovered:
D:1:      grunt_arrival_crossed_arrows, layout_basic, serial_forest,
          infiniplex_forest_clump_tiny, infiniplex_forest_lined_4_way,
          infiniplex_forest_pool, infiniplex_forest_lined_room_,
          infiniplex_forest_straight_1, infiniplex_forest_zigzag_1,
          infiniplex_forest_straight_1, chequers_ecumenical_altar_grove

Action                   || total
-------------------------++-------
Melee: Dagger            ||    16
 Cast: Magic Dart        ||    13
Armor: Robe              ||     4
Dodge: Dodged            ||    10
